 Dungeon Crawl Stone Soup version 0.21-a0-133-gf55ed5b (webtiles) character file.

10 4thArraOfDagon the Caller (level 2, -1/11 HPs)
             Began as a Felid Summoner on July 17, 2017.
             Slain by a leopard gecko (2 damage)
             ... on level 3 of the Dungeon.
             The game lasted 00:02:24 (411 turns).

4thArraOfDagon the Caller (Felid Summoner)           Turns: 411, Time: 00:02:25

Health: -1/11      AC:  1    Str:  4    XL:     2   Next: 10%
Magic:  6/6        EV: 24    Int: 21    God:
Gold:   15         SH:  0    Dex: 21    Spells: 2/5 levels left
                                        Lives:  0   Deaths: 0

rFire    . . .     SeeInvis +     - Unarmed
rCold    . . .     Gourm    .   (shield unavailable)
rNeg     . . .     Faith    .   (armour unavailable)
rPois    .         Spirit   .   (helmet unavailable)
rElec    .         Reflect  .   (cloak unavailable)
rCorr    .         Harm     .   (gloves unavailable)
MR       .....                  (boots unavailable)
Stlth    ++++......             (no amulet)
HPRegen  0.03/turn              (no ring)
MPRegen  0.10/turn              (no ring)

@: brilliant, agile, quick
A: no armour, no weapons or thrown items, stealth, claws 1, fangs 3, see
invisible, carnivore 3, speed 1, shaggy fur 1, slow metabolism 1, sharp paws
a: no special abilities


You were on level 3 of the Dungeon.
You were completely stuffed.

You visited 1 branch of the dungeon, and saw 4 of its levels.

You collected 15 gold pieces.

Inventory:

Scrolls
 c - a scroll of amnesia {unknown}
 d - a scroll of blinking {unknown}
Potions
 e - a potion of agility
Books
 a - a book of Callings

   Spells                             Type                      Level
   a - Summon Small Mammal            Summoning                    1
   b - Call Imp                       Summoning                    2
   c - Call Canine Familiar           Summoning                    3
   d - Summon Guardian Golem          Hexes/Summoning              3
   e - Summon Lightning Spire         Summoning/Air                4
   f - Summon Ice Beast               Ice/Summoning                4
Comestibles
 b - a meat ration
 f - 2 chunks of flesh


   Skills:
 + Level 3.1 Dodging
 + Level 2.9 Stealth
 * Level 1.2 Unarmed Combat
 - Level 2.0 Spellcasting
 - Level 4.0 Summonings


You had 2 spell levels left.
You knew the following spells:

 Your Spells              Type           Power        Failure   Level  Hunger
a - Summon Small Mammal   Summ           ####         1%          1    #......
b - Call Imp              Summ           ####....     1%          2    ##.....


Dungeon Overview and Level Annotations

Branches:
Dungeon (4/15)
 Temple: D:4-7

Altars:

Annotations:
D:4 Menkaure


Innate Abilities, Weirdness & Mutations

You cannot wear armour.
You are incapable of wielding weapons or throwing items.
Your paws allow you to move quietly. (Stealth)
You have sharp claws.
You have razor-sharp teeth.
You have supernaturally acute eyesight. (SInv)
You are carnivorous and can eat meat at any time.
You cover ground quickly.
You are covered in fur. (AC +1)
You have a slow metabolism.
Your sharp claws are effective at attacking unaware monsters.


Message History

Memorise Call Imp, consuming 2 spell levels and leaving 2?
The leopard gecko closely misses your quokka.
Your quokka misses the leopard gecko. The leopard gecko bites your quokka.
Your quokka dies!
Your quokka's corpse disappears in a puff of smoke!
The leopard gecko hisses angrily.
You start memorising the spell.
You continue memorising. x2
The leopard gecko completely misses you.
You finish memorising.
Spell assigned to 'b'.
Unknown command.
You miss the leopard gecko.
The leopard gecko is almost dead.
The leopard gecko bites you.
* * * LOW HITPOINT WARNING * * *
Unknown command.
You scratch the leopard gecko but do no damage.
The leopard gecko is almost dead.
Your resistance to elements expires.
The leopard gecko bites you.
You die...

.. ..# ### ###.#
...+ ..# ....# ...#
#.# .....##..# #.#
.........###.#####
...#..#.........ยง#
?..##.#..###.###.#
...+.....#w....#l#
...###...#l#.#.#@#
...# #.....#######
...# ##.##.# ...#
#>#### ...# #l..#
#### ##'### #....#
#....##
######.....#


You could see a leopard gecko.

Vanquished Creatures
  A dart slug (D:1)
  A hobgoblin (D:1)
  2 bats (D:1)
  2 frilled lizards
  2 rats (D:1)
8 creatures vanquished.

Vanquished Creatures (collateral kills)
  A hobgoblin (D:1)
  A quokka (D:4)
2 creatures vanquished.

Grand Total: 10 creatures vanquished

Notes
Turn   | Place    | Note
-------+----------+-------------------------------------------
     0 | D:1      | 4thArraOfDagon the Felid Summoner began the quest for the Orb.
     0 | D:1      | Reached XP level 1. HP: 7/7 MP: 4/4
   135 | D:1      | Reached skill level 1 in Unarmed Combat
   210 | D:1      | Reached XP level 2. HP: 11/11 MP: 6/6
   358 | D:4      | Noticed a howler monkey
   363 | D:4      | Noticed Menkaure
   410 | D:3      | Learned a level 2 spell: Call Imp
   411 | D:3      | Slain by a leopard gecko

Vault maps used:
D:1:      onia_arrival_mini_spirals, hangedman_abyss_or_decor_lesser_grid
D:2:      ashenzari_altar_1, minmay_misc_feat_tower, makhleb_heckhound_becter
D:3:      lemuel_round_altar, eat_drink_and_be_merry_uskayaw, uniq_sigmund
D:4:      grunt_temple_overflow_open, first_bread, uniq_eustachio,
          uniq_menkaure, uniq_pikel

Skill      XL: |  1  2 |
---------------+-------+-----
Unarmed Combat | 1 |  1.2
Dodging        | 3 |  3.1
Stealth        | |  2.9
Spellcasting   | |  2.0
Summonings     | |  4.0

Action                   || total
-------------------------++-------
Melee: Unarmed           ||    21
       Bite              ||     1
 Cast: Summon Small Mamm ||     6
  Use: Potion            ||     3
 Stab: Sleeping          ||     6
  Eat: Chunk             ||     6
Armor: Skin              ||     4
Dodge: Dodged            ||    33
